Workbook

Sheet 1. Budget Guidelines
A1: BUDGET GUIDELINES
A3: In addition to the budget information required on the SF-424A, applicants must provide the following three elements as part of the budget submission:
A4: 1. Summary Budget (Note: using the OMB cost categories, see SF-424A)
A5: 2. Detailed Line-Item Budget (Direct and Indirect Costs)
A6: 3. Budget Narrative
A8: 1. Summary Budget (Note: TEMPLATE ON TAB 2, auto fills from TAB 3 "Detailed Budget Template")
A10: 2. Detailed Line-Item Budget (Note: TEMPLATE ON TAB 3)
A11: Note: Applicants must provide a Detailed Line-Item Budget (in Microsoft Excel or similar spreadsheet format) outlining specific cost requirements within each of the summary budget categories.
A12: · Calibri 12 font; must fit on 8x11 letter sized paper, not legal size. Once approved, the budget will be incorporated as a PDF into the binding agreement.
A13: · If applicable, Cost-Share should be itemized in the separate column. See below for more details on Cost-Share.
A14: · The budget should be for the entire project period and reflect realistic yearly expenses based on project need and the approved timeline.
A15: · All sub-award costs should be listed under Line F, Contractual, of the prime budget. A separated itemized breakdown of costs should be provided in the “SubRecipient Budget” tab.
... A166: 2 CFR §600: eCFR :: 2 CFR Chapter VI -- Department of State

Sheet 2. Summary Budget Template
A1: SUMMARY BUDGET
A2: Organization Name
A3: Project Title
A4: Project Duration (insert total number of months)
D5: Requested Federal Funds | E5: Cost-Share By Applicant | F5: Total Project Cost
A7: A | C7: Personnel | D7: ='3. Detailed Budget Template'!H15 -> 0 | E7: ='3. Detailed Budget Template'!I15 -> 0 | F7: ='3. Detailed Budget Template'!J15 -> 0
A8: B | C8: Fringe Benefits | D8: ='3. Detailed Budget Template'!H19 -> 0 | E8: ='3. Detailed Budget Template'!I19 -> 0 | F8: ='3. Detailed Budget Template'!J19 -> 0
A9: C | C9: Travel | D9: ='3. Detailed Budget Template'!H34 -> 0 | E9: ='3. Detailed Budget Template'!I34 -> 0 | F9: ='3. Detailed Budget Template'!J34 -> 0
A10: D | C10: Equipment | D10: ='3. Detailed Budget Template'!H37 -> 0 | E10: ='3. Detailed Budget Template'!I37 -> 0 | F10: ='3. Detailed Budget Template'!J37 -> 0
A11: E | C11: Supplies | D11: ='3. Detailed Budget Template'!H40 -> 0 | E11: ='3. Detailed Budget Template'!I40 -> 0 | F11: ='3. Detailed Budget Template'!J40 -> 0
A12: F | C12: Contractual | D12: ='3. Detailed Budget Template'!H46 -> 0 | E12: ='3. Detailed Budget Template'!I46 -> 0 | F12: ='3. Detailed Budget Template'!J46 -> 0
A13: G | C13: Construction | D13: ='3. Detailed Budget Template'!H49 -> 0 | E13: ='3. Detailed Budget Template'!I49 -> 0 | F13: ='3. Detailed Budget Template'!J49 -> 0
A14: H | C14: Other Direct Costs | D14: ='3. Detailed Budget Template'!H53 -> 0 | E14: ='3. Detailed Budget Template'!I53 -> 0 | F14: ='3. Detailed Budget Template'!J53 -> 0
A15: I | C15: Total Direct Costs | D15: ='3. Detailed Budget Template'!H54 -> 0 | E15: ='3. Detailed Budget Template'!I54 -> 0 | F15: ='3. Detailed Budget Template'!J54 -> 0
A16: J | C16: Total Indirect Costs | D16: ='3. Detailed Budget Template'!H55 -> 0 | E16: ='3. Detailed Budget Template'!I55 -> 0 | F16: ='3. Detailed Budget Template'!J55 -> 0
A17: K | C17: Total (Sum I + J) | D17: ='3. Detailed Budget Template'!H56 -> 0 | E17: ='3. Detailed Budget Template'!I56 -> 0 | F17: ='3. Detailed Budget Template'!J56 -> 0
A19: * line item amounts auto-fill from "Detailed Budget Template" tab

Sheet 3. Detailed Budget Template
A1: DETAILED LINE-ITEM BUDGET
A2: Organization's Name | F2: Organization Name
A3: Project Title | F3: Project Title
A4: Project Duration (insert total number of months) | F4: Project Title
D6: Cost Breakdown By Line-Item | H6: Requested Federal Funds | I6: Cost-Share By Applicant | J6: Total Project Cost
D7: Unit | E7: Number of Units | F7: Cost Per Unit | G7: Rate
D8: (months, years, or people, etc.) | E8: (days, etc.) | F8: (salary, etc.) | G8: (level of effort, allocation, etc.)
A9: A | C9: Personnel | D9: months or years | F9: salary (month or year) | G9: % level of effort
A10: A.1 | C10: HQ-Based Personnel
A11: A.1.1 | C11: Project Manager | H11: =(E11*F11)*G11 -> 0 | I11: 0 | J11: =H11+I11 -> 0
A12: A.1.2 | C12: Project Officer, etc. | H12: =(E12*F12)*G12 -> 0 | I12: 0 | J12: =H12+I12 -> 0
A13: A.2 | C13: Field Personnel
A14: A.2.1 | H14: =(E14*F14)*G14 -> 0 | I14: 0 | J14: =H14+I14 -> 0
A15: Subtotal Personnel | H15: =SUM(H11:H14) -> 0 | I15: =SUM(I11:I14) -> 0 | J15: =H15+I15 -> 0
A16: B | C16: Fringe Benefits
A17: B.1 | C17: HQ-Based Personnel Fringe Benefits | H17: =(E17*F17)*G17 -> 0 | I17: 0 | J17: =H17+I17 -> 0
A18: B.2 | C18: Field Personnel Fringe Benefits | H18: =(E18*F18)*G18 -> 0 | I18: 0 | J18: =H18+I18 -> 0
A19: Subtotal Fringe Benefits | H19: =SUM(H17:H18) -> 0 | I19: =SUM(I17:I18) -> 0 | J19: =H19+I19 -> 0
A20: C | C20: Travel | D20: # people | E20: # days | F20: cost | G20: % allocation
A21: C.1 | C21: International Travel
A22: C.1.1 | C22: Mode (air or ground) - Traveler - From..To /RT | H22: =D22*E22*F22 -> 0 | I22: 0 | J22: =H22+I22 -> 0
A23: C.1.2 | C23: Lodging | H23: =D23*E23*F23 -> 0 | I23: 0 | J23: =H23+I23 -> 0
A24: C.1.3 | C24: Per Diem (City, Country) | H24: =D24*E24*F24*G24 -> 0 | I24: 0 | J24: =H24+I24 -> 0
A25: C.2 | C25: Country Travel
A26: C.2.1 | C26: Mode (air or ground) - Traveler - From..To /RT | H26: =D26*E26*F26 -> 0 | I26: 0 | J26: =H26+I26 -> 0
A27: C.2.2 | C27: Lodging | H27: =D27*E27*F27 -> 0 | I27: 0 | J27: =H27+I27 -> 0
A28: C.2.3 | C28: Per Diem (City, Country) | H28: =D28*E28*F28*G28 -> 0 | I28: 0 | J28: =H28+I28 -> 0
A29: C.3 | C29: Domestic Travel
A30: C.3.1 | C30: Mode (air or ground) - Traveler - From..To /RT | H30: =D30*E30*F30 -> 0 | I30: 0 | J30: =H30+I30 -> 0
A31: C.3.2 | C31: Lodging | H31: =D31*E31*F31 -> 0 | I31: 0 | J31: =H31+I31 -> 0
A32: C.3.3 | C32: Per Diem (City, Country) | H32: =D32*E32*F32*G32 -> 0 | I32: 0 | J32: =H32+I32 -> 0
A34: Subtotal Travel | H34: =SUM(H22:H28) -> 0 | I34: =SUM(I22:I28) -> 0 | J34: =H34+I34 -> 0
A35: D | C35: Equipment (> $5,000 per unit ) | E35: # units | F35: unit cost | G35: % allocation
A36: D.1 | C36: (description, e.g. generators) | H36: =E36*F36 -> 0 | I36: 0 | J36: =H36+I36 -> 0
A37: Subtotal Equipment | C37: Sub Total Equipment | H37: =SUM(H36:H36) -> 0 | I37: =SUM(I36:I36) -> 0 | J37: =H37+I37 -> 0
A38: E | C38: Supplies (< $5,000 per unit) | E38: # units | F38: unit cost | G38: % allocation
A39: E.1 | C39: (description) | H39: =E39*F39 -> 0 | I39: 0 | J39: =H39+I39 -> 0
A40: Subtotal Supplies | C40: Sub Total Supplies | H40: =SUM(H39:H39) -> 0 | I40: =SUM(I39:I39) -> 0 | J40: =H40+I40 -> 0
A41: F | C41: Contractual | E41: #units | F41: unit cost
A42: F.1 | C42: Subawards
A43: F.1.1 | C43: Subrecipient (Name)* | H43: =E43*F43 -> 0 | I43: ='SubRecipient Budget (if apl.)'!I52 -> 0 | J43: =H43+I43 -> 0
A44: F.2 | C44: Contracts/Consultants
A45: F.2.1 | C45: Contractor | H45: =E45*F45 -> 0 | I45: 0 | J45: =H45+I45 -> 0
A46: Subtotal Contractual | H46: =SUM(H42:H45) -> 0 | I46: =SUM(I42:I45) -> 0 | J46: =H46+I46 -> 0
A47: G | C47: Construction
A48: G.1 | H48: =E48*F48 -> 0 | I48: 0 | J48: =H48+I48 -> 0
A49: Subtotal Construction | H49: 0 | I49: 0 | J49: =H49+I49 -> 0
A50: H | C50: Other Direct Costs
A51: H.1 | C51: Specify, itemize (e.g. Program Audit) | H51: 0 | I51: 0 | J51: =H51+I51 -> 0
A52: H.2 | C52: (e.g. Training: venue and catering) | H52: =E52*F52 -> 0 | I52: 0 | J52: =H52+I52 -> 0
A53: Subtotal Other Direct Costs | H53: =SUM(H51:H52) -> 0 | I53: =SUM(I51:I52) -> 0 | J53: =H53+I53 -> 0
A54: I | C54: Total Direct Costs | H54: =SUM(H15,H19,H34,H37,H40,H46,H49,H53) -> 0 | I54: =SUM(I15,I19,I34,I37,I40,I46,I49,I53) -> 0 | J54: =H54+I54 -> 0
A55: J | C55: Total Indirect Costs (select one: NICRA %, Final, Pre-determined, Provisional and Basis or 10% De Minimis based on MTDC) | H55: 0 | I55: 0 | J55: =H55+I55 -> 0
A56: K | C56: Total Project Cost | D56: (must match award amount) | H56: =SUM(H54:H55) -> 0 | I56: =SUM(I54:I55) -> 0 | J56: =H56+I56 -> 0
A57: * Detailed line-item budgets for sub-grantees should be included in additional tabs within this excel workbook.

Sheet SubRecipient Budget (if apl.)
A1: SUB-RECIPIENT BUDGET (if applicable)
A2: Sub-Recipient Organization Name | F2: Organization Name
A3: Project Title | F3: Project Title
A4: Project Duration (insert total number of months) | F4: Project Title
D6: Cost Breakdown By Line-Item | H6: Requested Federal Funds | I6: Cost-Share by Sub | J6: Program Total
D7: Unit | E7: Number of Units | F7: Cost Per Unit | G7: Rate
D8: (months, years, people, etc.) | E8: (days, etc.) | F8: (salary, etc.) | G8: (level of effort, allocation, etc.)
A9: A | C9: Personnel | D9: months or years | F9: salary (month or year) | G9: % effort
A10: A.1 | C10: HQ-Based personnel
A11: A.1.1 | C11: Project Manager | H11: =(E11*F11)*G11 -> 0 | I11: 0 | J11: =H11+I11 -> 0
A12: A.1.2 | C12: Project Officer, etc. | H12: =(E12*F12)*G12 -> 0 | I12: 0 | J12: =H12+I12 -> 0
A13: A.2 | C13: Field Personnel
A14: A.2.1 | H14: =(E14*F14)*G14 -> 0 | I14: 0 | J14: =H14+I14 -> 0
A15: Subtotal Personnel | H15: =SUM(H11:H14) -> 0 | I15: =SUM(I11:I14) -> 0 | J15: =H15+I15 -> 0
A16: B | C16: Fringe Benefits
A17: B.1 | C17: HQ-Based Personnel Fringe Benefits | H17: =(E17*F17)*G17 -> 0 | I17: 0 | J17: =H17+I17 -> 0
A18: B.2 | C18: Field Personnel Fringe Benefits | H18: =(E18*F18)*G18 -> 0 | I18: 0 | J18: =H18+I18 -> 0
A19: Subtotal Fringe Benefits | H19: =SUM(H17:H18) -> 0 | I19: =SUM(I17:I18) -> 0 | J19: =H19+I19 -> 0
A20: C | C20: Travel | D20: # people | E20: # days | F20: Cost
A21: C.1 | C21: International Travel
A22: C.1.1 | C22: Mode (air or ground) - Traveler - From..To /RT | H22: =D22*E22*F22 -> 0 | I22: 0 | J22: =H22+I22 -> 0
A23: C.1.2 | C23: Lodging | H23: =D23*E23*F23 -> 0 | I23: 0 | J23: =H23+I23 -> 0
A24: C.1.3 | C24: Per Diem (City, Country) | H24: =D24*E24*F24*G24 -> 0 | I24: 0 | J24: =H24+I24 -> 0
A25: C.2 | C25: Country Travel
A26: C.2.1 | C26: Mode (air or ground) - Traveler - From..To /RT | H26: =D26*E26*F26 -> 0 | I26: 0 | J26: =H26+I26 -> 0
A27: C.2.2 | C27: Lodging | H27: =D27*E27*F27 -> 0 | I27: 0 | J27: =H27+I27 -> 0
A28: C.2.3 | C28: Per Diem (City, Country) | H28: =D28*E28*F28*G28 -> 0 | I28: 0 | J28: =H28+I28 -> 0
A29: C.3 | C29: Domestic Travel
A30: C.3.1 | C30: Mode (air or ground) - Traveler - From..To /RT | H30: =D30*E30*F30 -> 0 | I30: 0 | J30: =H30+I30 -> 0
A31: C.3.2 | C31: Lodging | H31: =D31*E31*F31 -> 0 | I31: 0 | J31: =H31+I31 -> 0
A32: C.3.3 | C32: Per Diem (City, Country) | H32: =D32*E32*F32*G32 -> 0 | I32: 0 | J32: =H32+I32 -> 0
A33: Subtotal Travel | H33: =SUM(H22:H32) -> 0 | I33: =SUM(I22:I32) -> 0 | J33: =H33+I33 -> 0
A34: E | C34: Supplies (< $5,000 per unit) | E34: # units | F34: unit cost
A35: E.1 | C35: (description) | H35: =E35*F35 -> 0 | I35: 0 | J35: =H35+I35 -> 0
A36: Subtotal Supplies | C36: Sub Total Supplies | H36: =SUM(H35:H35) -> 0 | I36: =SUM(I35:I35) -> 0 | J36: =H36+I36 -> 0
A37: F | C37: Contractual
A38: F.1 | C38: Subawards
A39: F.1.1 | C39: Subrecipient (Name)* | H39: =D39*E39*F39*G39 -> 0 | I39: 0 | J39: =H39+I39 -> 0
A40: F.2 | C40: Contracts
A41: F.2.1 | C41: Contractor | H41: =D41*E41*F41*G41 -> 0 | I41: 0 | J41: =H41+I41 -> 0
A42: Subtotal Contractual | H42: =SUM(H38:H41) -> 0 | I42: =SUM(I38:I41) -> 0 | J42: =H42+I42 -> 0
A43: G | C43: Construction
A44: G.1 | C44: (description) | H44: =D44*E44*F44*G44 -> 0 | I44: 0 | J44: =H44+I44 -> 0
A45: Subtotal Construction | H45: =SUM(H44) -> 0 | I45: =SUM(I44) -> 0 | J45: =H45+I45 -> 0
A46: H | C46: Other Direct Costs
A47: H.1 | C47: Specify, itemize (e.g. Program Audit) | H47: =D47*E47*F47*G47 -> 0 | I47: 0 | J47: =H47+I47 -> 0
A48: H.2 | C48: (e.g. Training: venue and catering) | H48: =D48*E48*F48*G48 -> 0 | I48: 0 | J48: =H48+I48 -> 0
A49: Subtotal Other Direct Costs | H49: =SUM(H47:H48) -> 0 | I49: =SUM(I47:I48) -> 0 | J49: =H49+I49 -> 0
A50: I | C50: Total Direct Costs | H50: =SUM(H15,H19,H29,H32,H36,H42,H45,H49) -> 0 | I50: =SUM(I15,I19,I29,I32,I36,I42,I45,I49) -> 0 | J50: =H50+I50 -> 0
A51: J | C51: Total Indirect Costs (select one: NICRA %, Final, Pre-determined, Provisional and Basis or 10% De Minimis based on MTDC) | H51: 0 | I51: 0 | J51: =H51+I51 -> 0
A52: K | C52: Total Project Cost | D52: (must match award amount) | H52: =SUM(H50:H51) -> 0 | I52: =SUM(I50:I51) -> 0 | J52: =H52+I52 -> 0
